 Dungeon Crawl Stone Soup version 0.29-a0-384-g6960b1960d (webtiles) character file.

Game seed: 15205389539811316812

79 lesaewzxc the Cutter (level 4, -6/33 HPs)
             Began as an Octopode Berserker on May 7, 2022.
             Was an Initiate of Uskayaw.
             Mangled by a gnoll
             ... wielding a +0 halberd
             ... led by a gnoll shaman
              (13 damage)
             ... on level 4 of the Dungeon.
             The game lasted 00:12:53 (2281 turns).

lesaewzxc the Cutter (Octopode Berserker)           Turns: 2281, Time: 00:12:54

Health: -6/33      AC:  1    Str: 14 (16) XL:     4   Next: 37%
Magic:  1/4        EV:  8    Int:  7 (9)  God:    Uskayaw [......]
Gold:   154        SH:  0    Dex: 11 (13) Spells: 3/3 levels left

rFire   + . .      SeeInvis .   d - +1 dagger (drain)
rCold   . . .      Faith    .   (no shield)
rNeg    . . .      Spirit   .   (helmet restricted)
rPois   .          Reflect  .   (no amulet)
rElec   .          Harm     .   e - ring of protection from fire
rCorr   .          Rampage  .   (no ring)
Will    .....                   (no ring)
Stlth   ++........              (no ring)
HPRegen 0.11/turn               (no ring)
MPRegen 0.09/turn               (no ring)
                                (no ring)
                                (no ring)

@: held
A: almost no armour, amphibious, 8 rings, camouflage 1, gelatinous body 1,
(nimble swimmer 1), tentacles
a: Renounce Religion


You were on level 4 of the Dungeon.
You worshipped Uskayaw.
Uskayaw was noncommittal.
You visited 1 branch of the dungeon, and saw 4 of its levels.

You collected 154 gold pieces.

Inventory:

Hand Weapons
 d - a +1 dagger of draining (weapon)
Jewellery
 e - a ring of protection from fire (left tentacle)
Wands
 a - a wand of paralysis (6)
Scrolls
 b - 6 scrolls of identify
 c - a scroll of amnesia {unknown}
 f - a scroll of fog
Potions
 g - a potion of mutation {unknown}


   Skills:
 * Level 3.7 Fighting
 * Level 3.8 Short Blades
 * Level 3.7 Dodging
 + Level 0.4 Stealth


You had 3 spell levels left.
You didn't know any spells.
Your spell library contained the following spells:

 Spells                   Type           Power      Damage    Failure   Level
 Frozen Ramparts          Ice            0%         1d2       80%         3
 Ice Form                 Ice/Tmut       0%         N/A       99%         4
 Summon Ice Beast         Ice/Summ       0%         N/A       99%         4


Dungeon Overview and Level Annotations

Branches:
Dungeon (4/15)
 Temple: D:4-7

Altars:
Uskayaw

Annotations:
D:4 1 runed translucent door, Urgle's ghost, amateur GnFi


Innate Abilities, Weirdness & Mutations

You cannot wear most types of armour.
You are amphibious.
You can wear up to eight rings at the same time.
Your skin changes colour to match your surroundings (Stealth+).
Your rubbery body absorbs attacks. (AC +1, EV +1)
((You are camouflaged when in or above water. (Stealth+)))
You have tentacles for arms and can constrict up to eight enemies at once.


Message History

You can no longer stomp with the beat.
You constrict the plant. x2; A nearby plant withers and dies.
The gnoll hits the plant with a +0 spear.
The plant begins to die.
The gnoll barely misses you.
You release your grip on the plant. x2; A nearby plant withers and dies. x2
The gnoll barely misses you.
The gnoll hits the plant with a +0 spear.
The plant begins to die.
The gnoll closely misses you.
Okay, then.
A nearby plant withers and dies. x3
The gnoll hits you from afar with a +0 spear!
The gnoll hits the plant with a +0 spear.
The gnoll hits you from afar with a +0 halberd.
A gnoll comes into view. It is wielding a +0 halberd.
The gnoll hits you from afar with a +0 spear.
A nearby plant withers and dies.
A nearby plant withers and dies. x3
A gnoll comes into view. It is wielding a +0 halberd.
The gnoll throws a throwing net.
The throwing net completely misses you.
You see here a throwing net.
A nearby plant withers and dies.
The gnoll hits you from afar with a +0 spear!
* * * LOW HITPOINT WARNING * * *
The gnoll closely misses you.
The gnoll shouts!
The gnoll throws a throwing net.
The throwing net hits you.
You become entangled in the net!
A gnoll comes into view. It is wielding a +0 whip.
The gnoll shaman hits the plant with a +0 club!
The plant begins to die.
The gnoll hits you from afar with a +0 spear.
* * * LOW HITPOINT WARNING * * *
The gnoll hits the plant with a +0 spear.
The plant begins to die.
You see here a throwing net.
You tear a large gash into the net.
The gnoll completely misses you.
The gnoll hits the plant with a +0 spear!
The gnoll barely misses you.
The gnoll hits you from afar with a +0 halberd!
You die...

##.......#.....##.#
#.####...## ##.>....#........#
#.........# ##...#.###.######
#..#####... #......##.....#
#..#(..#... #.#.#...#.#
#.######..#...#... #.#...#...#
#.........#####...
#.###...#.###.#######.......##
#......##.....#######..._...##
####.........@.(..............
#...........g..####..#.#..#
#.......gPPgg....###......#
#....(..PPgg..P.......##..#
#.......g.g...P.#####.##..#
#...........=.P.# ......#
.......gPP.................
#####.##..P.......## .## #
#...P..P..##


You could see a gnoll shaman and 8 gnolls.

Vanquished Creatures
  3 adders
  2 worms
  3 bats
  2 giant cockroaches (D:1)
  5 goblins
  9 hobgoblins
  3 jackals (D:3)
  4 kobolds
  3 quokkas
  2 ball pythons
  2 frilled lizards
  5 rats
43 creatures vanquished.

Vanquished Creatures (others)
  6 fungi (D:1)
  12 plants
18 creatures vanquished.

Grand Total: 61 creatures vanquished

Notes
Turn   | Place    | Note
-------+----------+-------------------------------------------
     0 | D:1      | lesaewzxc the Octopode Berserker began the quest for the
                  | Orb.
     0 | D:1      | Reached XP level 1. HP: 16/16 MP: 1/1
   166 | D:1      | Reached XP level 2. HP: 17/21 MP: 2/2
   432 | D:1      | Found a faded altar of an unknown god.
   689 | D:2      | Reached XP level 3. HP: 17/26 MP: 3/3
  1468 | D:3      | Reached ** piety under Trog
  1490 | D:3      | Reached XP level 4. HP: 22/33 MP: 4/4
  2082 | D:4      | Noticed an ogre
  2140 | D:4      | Noticed a +0 dagger
  2140 | D:4      | Noticed a +0 hand axe
  2140 | D:4      | Found a hide-covered altar of Uskayaw.
  2169 | D:4      | Fell from the grace of Trog
  2171 | D:4      | Became a worshipper of Uskayaw the Reveller
  2185 | D:4      | Noticed Urgle's ghost (amateur GnFi)
  2189 | D:4      | Found a runed translucent door.
  2233 | D:4      | Reached * piety under Uskayaw
  2281 | D:4      | Mangled by a gnoll

Illustrated notes

Levels and vault maps discovered:
D:1:      lightli_arrival_statuegarden, layout_loops_ring,
          shapermc_ecumenical_altar_hornbeckon, chequers_serial_rivers_micro_c
D:2:      layout_loops_cross
D:3:      layout_rooms
D:4:      kennysheep_goblin_castle, layout_loops_ring, lemuel_doored_altar,
          marbit_many_paths, mainiacjoe_overflow_alcove_2,
          dancing_weapons_uskayaw, amethyst_overflow_temple_binary,
          hellmonk_ghost_happy_afterlife, nicolae_grassy_gnolls

Action                   |  1- 3 |  4- 6 || total
-------------------------+-------+-------++-------
Melee: Dagger            |    86 |    33 ||   119
       Constrict         |    23 |    13 ||    36
       Short sword       |     3 |       ||     3
       Tentacles         |    23 |     5 ||    28
Invok: Stomp             |       |     1 ||     1
       Renounce Religion |       |     1 ||     1
  Use: Scroll            |     4 |     1 ||     5
       Potion            |       |     4 ||     4
 Stab: Sleeping          |     5 |       ||     5
Armor: Skin              |    10 |     3 ||    13
Dodge: Dodged            |    41 |    25 ||    66

Table legend: (Time is in decaauts)
 A = Elapsed time spent in this place.
 B = Non-inter-level travel time spent in this place.
 C = Inter-level travel time spent in this place.
 D = Time resting spent in this place.
 E = Time spent auto-exploring this place.
 F = Levels seen in this place.
 G = Mean time per level.
                   A        B        C        D        E       F      G
               +--------+--------+--------+--------+--------+-----+--------+
         Total |   2261 |   2261 |      0 |      0 |    660 |   4 |  565.2 |
       Dungeon |   2261 |   2261 |      0 |      0 |    660 |   4 |  565.2 |
               +--------+--------+--------+--------+--------+-----+--------+

Top non-repeatable levels by time:
     D:3: 874 daAuts
     D:1: 671 daAuts
     D:2: 574 daAuts
     D:4: 140 daAuts
